 Dungeon Crawl Stone Soup version 0.31-a0-845-g9abc20d24f (webtiles) character file.

Game seed: 5396044167519490768

1289 Nattfarinn the Ruffian (level 8, -8/78 HPs)
             Began as a Troll Shapeshifter on Oct 2, 2023.
             Was a Believer of Cheibriados.
             Killed by the air
             ... invoked by Gastronok
              (13 damage)
             ... on level 8 of the Dungeon.
             The game lasted 00:04:44 (4886 turns).

Nattfarinn the Ruffian (Troll Shapeshifter)         Turns: 4886, Time: 00:04:45

Health: -8/78      AC:  4    Str: 29    XL:     8   Next: 30%
Magic:  11/11      EV: 10    Int: 10    God:    Cheibriados [**....]
Gold:   246        SH:  0    Dex: 13    Spells: 7/7 levels left

rFire   . .          .
                       - Unarmed
rCold   + . .        (no shield)
rNeg    . . .        a - +0 animal skin
rPois   .            (helmet currently unavailable)
rElec   .            (cloak currently unavailable)
rCorr   .            (gloves unavailable)
SInv    .            (boots unavailable)
Will    .....        (no amulet)
Stlth   +            n - +4 ring of slaying
HPRegen 1.13/turn    i - ring of protection from cold
MPRegen 0.12/turn

%: no passive effects
@: beast-form, very slow
A: beast (slay +2), large, unfitting armour, claws 3, regeneration 1, shaggy fur
1, tough skin 1
a: Begin Untransformation, Renounce Religion, Bend Time


You were on level 8 of the Dungeon.
You worshipped Cheibriados.
Cheibriados was pleased with you.
You were a hulking beast.
You visited 1 branch of the dungeon, and saw 8 of its levels.

You collected 358 gold pieces.
You spent 112 gold pieces at shops.

Inventory:

Armour
 a - a +0 animal skin (worn)
Jewellery
 i - a ring of protection from cold (right claw)
 l - a ring of protection from cold
 n - a +4 ring of slaying (left claw)
 p - a ring of see invisible
Talismans
 c - a beast talisman (active)
 d - a flux talisman
Wands
 v - a wand of quicksilver (13)
Scrolls
 e - 3 scrolls of identify {unknown}
 j - a scroll of summoning {unknown}
 q - a scroll of teleportation {unknown}
 r - a scroll of brand weapon {unknown}
 s - 2 scrolls of fog {unknown}
 t - a scroll of enchant weapon {unknown}
 w - a scroll of revelation {unknown}
 x - a scroll of blinking {unknown}
 y - a scroll of immolation {unknown}
Potions
 b - 4 potions of lignification
 f - 4 potions of curing
 g - 2 potions of brilliance {unknown}
 h - 3 potions of heal wounds
 k - a potion of mutation {unknown}
 m - 4 potions of attraction {unknown}
 o - 2 potions of magic {unknown}
 u - 2 potions of might {unknown}


   Skills:
 + Level 4.1 Fighting
 - Level 1.5 Dodging
 + Level 6.3 Unarmed Combat
 * Level 5.5 Invocations
 - Level 3.6 Shapeshifting


You had 7 spell levels left.
You didn't know any spells.
Your spell library contained the following spells:

 Spells                   Type           Power      Damage    Failure   Level
 Summon Guardian Golem    Hex/Summ       0%         N/A       75%         3
 Orb of Destruction       Conj           0%         9d5       100%        7
 Spellforged Servitor     Conj/Summ      0%         N/A       100%        7


Dungeon Overview and Level Annotations

Branches:
Dungeon (8/15)
 Temple: D:4-7         Lair: D:8-11

Altars:
Ashenzari
Cheibriados
Elyvilon
Fedhas
Kikubaaqudgha
Makhleb
Xom
Yredelemnul
Zin
The Shining One

Shops:
D:4 !([

Annotations:
D:2 1 runed translucent door, Crazy Yiuf
D:8 Gastronok


Innate Abilities, Weirdness & Mutations

You are a hulking beast.
Your limbs bulge with bestial killing power. (Slay +2)
You are too large for most types of armour.
You have claws for hands.
Your natural rate of healing is unusually fast.
You are covered in fur. (AC +1)
You have tough skin. (AC +1)


Message History

Gastronok casts a spell.
Gastronok puts on a burst of speed!
Gastronok gurgles, "Huuuuuuuuuuungry!"
Gastronok bites you!!
You see here a +0 trident.
You scratch Gastronok.
Gastronok is lightly wounded.
You mangle Gastronok!!
Gastronok is lightly wounded.
Gastronok bites you.
You claw Gastronok!
Gastronok is moderately wounded.
You claw Gastronok!
Gastronok is moderately wounded.
Gastronok bites you!!
You are too injured to fight recklessly!
You are too injured to fight recklessly!
You claw Gastronok!
Gastronok is heavily wounded.
You claw Gastronok!
Gastronok is heavily wounded.
You claw Gastronok!
Gastronok is severely wounded.
Gastronok bites you.
You scratch Gastronok.
Gastronok is severely wounded.
You scratch Gastronok.
Gastronok is severely wounded.
Gastronok bites you!!
* * * LOW HITPOINT WARNING * * *
You mangle Gastronok!!
Gastronok is severely wounded.
You barely miss Gastronok.
Gastronok is severely wounded.
You claw Gastronok!
Gastronok is almost dead.
Gastronok waves his eye-stalks in wide circles.
The air twists around and strikes you!
You die...
Gastronok gurgles, "Time to dig in!"

....######...........#
.........[. ..........
....####### #########
....##############
.................#
################.# #.#
#.# #h# #w# #.# #.#
#.# #.# #.# #.#


You could see Gastronok (swift).

Vanquished Creatures
  Pikel (D:5)
  An ice beast (D:6)
  A phantom (D:5)
  A lemure (D:5)
  Blork the orc (D:6)
  A scorpion (D:5)
  A howler monkey (D:6)
  3 hounds
  A jelly (D:5)
  3 orc priests
  Terence (D:2)
  2 iguanas (D:4)
  2 orc wizards
  2 adders
  2 white imps
  2 ufetubi (D:4)
  A worm (D:3)
  6 dart slugs
  16 orcs
  5 bats
  5 endoplasms
  3 giant cockroaches
  4 goblins
  6 hobgoblins
  3 jackals (D:2)
  4 quokkas
  7 ball pythons
  6 frilled lizards
  7 kobolds
  4 rats
102 creatures vanquished.

Vanquished Creatures (others)
  A quokka (D:4)
1 creature vanquished.

Grand Total: 103 creatures vanquished

Notes
Turn   | Place    | Note
-------+----------+-------------------------------------------
     0 | D:1      | Nattfarinn the Troll Shapeshifter began the quest for the
                  | Orb.
     0 | D:1      | Reached XP level 1. HP: 18/18 MP: 0/0
   121 | D:1      | Reached skill level 1 in Fighting
   222 | D:1      | Reached XP level 2. HP: 27/27 MP: 1/1
   868 | D:2      | Reached XP level 3. HP: 33/33 MP: 2/2
  1112 | D:2      | Noticed Terence
  1119 | D:2      | Killed Terence
  1120 | D:2      | Reached skill level 4 in Unarmed Combat
  1120 | D:2      | Reached XP level 4. HP: 32/42 MP: 3/3
  1155 | D:2      | Found a runed translucent door.
  1156 | D:2      | Noticed Crazy Yiuf
  1528 | D:3      | Found a burning altar of Makhleb.
  1993 | D:3      | Found a faded altar of an unknown god.
  2178 | D:3      | Reached XP level 5. HP: 48/49 MP: 4/4
  2243 | D:3      | Found a snail-covered altar of Cheibriados.
  2347 | D:3      | Became a worshipper of Cheibriados the Contemplative
  2374 | D:4      | Noticed an angel
  2374 | D:4      | Found a shimmering altar of Xom.
  2379 | D:4      | Found a glowing silver altar of Zin.
  2418 | D:4      | Found Kaggeweko's Weapon Boutique.
  2467 | D:4      | Found a white marble altar of Elyvilon.
  2583 | D:4      | Reached skill level 1 in Invocations
  2683 | D:4      | Found Xaticy's Distillery.
  2691 | D:4      | Bought a potion of heal wounds for 70 gold pieces
  2691 | D:4      | Bought a potion of curing for 42 gold pieces
  2799 | D:4      | Found Mipalin's Antique Armour Shoppe.
  2953 | D:5      | Entered Level 5 of the Dungeon
  2999 | D:5      | Found a blossoming altar of Fedhas.
  3030 | D:5      | Found a broken altar of Ashenzari.
  3039 | D:5      | Reached * piety under Cheibriados
  3058 | D:5      | Found a glowing golden altar of the Shining One.
  3060 | D:5      | Noticed an angel
  3068 | D:5      | Reached XP level 6. HP: 47/59 MP: 6/6
  3087 | D:5      | Found a basalt altar of Yredelemnul.
  3191 | D:5      | Reached skill level 5 in Unarmed Combat
  3194 | D:5      | Noticed Pikel
  3216 | D:5      | Killed Pikel
  3217 | D:5      | Reached XP level 7. HP: 9/67 MP: 6/9
  3408 | D:5      | Reached skill level 6 in Unarmed Combat
  3412 | D:5      | Reached XP level 8. HP: 69/78 MP: 10/10
  3644 | D:5      | Noticed a profane servitor
  3971 | D:6      | Reached skill level 5 in Invocations
  4029 | D:6      | Found an ancient bone altar of Kikubaaqudgha.
  4363 | D:6      | Reached ** piety under Cheibriados
  4565 | D:6      | Noticed Blork the orc
  4569 | D:6      | Killed Blork the orc
  4870 | D:8      | Noticed Gastronok
  4883 | D:8      | HP: 2/78 [Gastronok (30)]
  4886 | D:8      | Killed from afar by Gastronok

Illustrated notes

Levels and vault maps discovered:
D:1:      giann_wishing_wells, layout_loops_ring, hangedman_glass_garden
D:2:      layout_loops_cross, uniq_terence, uniq_crazy_yiuf_cottage
D:3:      layout_basic, cheibriados_altar_1, mainiacjoe_overflow_cross_hatched,
          chequers_ecumenical_altar_twisty, amcnicky_mini_corridor_feature
D:4:      layout_loops_cross, grunt_temple_overflow_order_and_chaos_1,
          elyvilon_altar_4, serial_shops, nicolae_shop_getting_attention, shop,
          nicolae_shop_window_shopping, hex_tiny, nrook_loot_triangle
D:5:      layout_basic, fedhas_altar_2, nicolae_ashenzari_skybound,
          grunt_temple_overflow_holy_war, uniq_pikel
D:6:      layout_loops_corners, nicolae_overflow_hidden_temple,
          dk_noncrumbling_2, grunt_ministairs_14, minmay_liquid_box,
          uniq_blork_the_orc
D:7:      layout_basic, nicolae_gozag_zags_fifth_avenue,
          minmay_temple_entry_trees, minmay_tree_intersection,
          minmay_unpleasant_kobolds
D:8:      layout_basic, uniq_gastronok

Skill      XL: |  1  2  3  4  5  6  7  8 |
---------------+-------------------------+-----
Fighting       | 1 2 3 4 |  4.1
Unarmed Combat | 4 5 6 |  6.3
Invocations    | 2 4 5 |  5.5
Dodging        | |  1.5
Shapeshifting  | |  3.6

Action                     |  1- 3 |  4- 6 |  7- 9 || total
---------------------------+-------+-------+-------++-------
  Melee: Unarmed           |    80 |    83 |    52 ||   215
         Punch             |     4 |       |     1 ||     5
   Stab: Sleeping          |     1 |       |       ||     1
 Armour: Animal skin       |    60 |    43 |    28 ||   131
  Dodge: Dodged            |    45 |    31 |    11 ||    87

Table legend: (Time is in decaauts)
 A = Elapsed time spent in this place.
 B = Non-inter-level travel time spent in this place.
 C = Inter-level travel time spent in this place.
 D = Time resting spent in this place.
 E = Time spent auto-exploring this place.
 F = Levels seen in this place.
 G = Mean time per level.
                   A        B        C        D        E       F      G
               +--------+--------+--------+--------+--------+-----+--------+
         Total |   5752 |   5357 |    395 |     64 |   4675 |   8 |  719.0 |
       Dungeon |   5752 |   5357 |    395 |     64 |   4675 |   8 |  719.0 |
               +--------+--------+--------+--------+--------+-----+--------+

Top non-repeatable levels by time:
     D:6: 1320 daAuts
     D:5: 1080 daAuts
     D:3: 984 daAuts
     D:4: 747 daAuts
     D:2: 697 daAuts
     D:1: 688 daAuts
     D:8: 228 daAuts
     D:7: 4 daAuts
